 Dungeon Crawl Stone Soup version 0.31.0-9-g3a7656b989 (webtiles) character file.

Game seed: 12091895773959927011

226495 glosham the Eviscerator (level 18, -5/104 HPs)
             Began as a Felid Cinder Acolyte on Jan 25, 2024.
             Was an Initiate of Gozag.
             Slain by a +4 war axe of freezing (21 damage)
             ... on level 2 of the Elven Halls on Jan 26, 2024.
             The game lasted 09:33:32 (27730 turns).

glosham the Eviscerator (Felid Cinder Acolyte)     Turns: 27730, Time: 09:33:32

Health: -5/104     AC:  3    Str: 16    XL:     18   Next: 65%
Magic:  20/22      EV: 39    Int: 21    God:    Gozag
Gold:   1924       SH:  0    Dex: 19    Spells: 10/22 levels left
                                        Lives:  0   Deaths: 6

rFire   + .          .
                       - Unarmed
rCold   + + .        (shield unavailable)
rNeg    . . .        (body armour unavailable)
rPois   +            (helmet unavailable)
rElec   +            (cloak unavailable)
rCorr   +            (gloves unavailable)
SInv    +            (boots unavailable)
Will    ++++.        z - amulet of regeneration
Stlth   +++++++      A - ring of Beogh's Benevolence {Will++ Int+2 Dex+6}
HPRegen 1.17/turn    B - +5 ring of evasion
MPRegen 0.18/turn

%: no passive effects
@: resistant, studying Necromancy, invisible
A: very small, claws 1, fangs 3, see invisible, shaggy fur 3, stealthy paws, no
weapons or thrown items, no armour, multi-lived, mutation resistance 1
}: 1/15 runes: gossamer
a: Renounce Religion, Potion Petition, Call Merchant, Bribe Branch


You were on level 2 of the Elven Halls.
You worshipped Gozag.
Gozag was most pleased with you.
You visited 6 branches of the dungeon, and saw 28 of its levels.
You also visited: Bailey, Gauntlet and Ice Cave.

You collected 6130 gold pieces.
You spent 455 gold pieces at shops.
You paid 3751 gold pieces to Gozag.

Inventory:

Jewellery
 o - a +6 ring of strength
 z - an amulet of regeneration (around neck)
 A - the ring of Beogh's Benevolence (left paw) {Will++ Int+2 Dex+6}
   (You acquired it on level 12 of the Dungeon)

   [ring of dexterity]

   Int+2:     It affects your intelligence (+2).
   Dex+6:     It affects your dexterity (+6).
   Will++:    It greatly increases your willpower.
 B - a +5 ring of evasion (right paw)
 C - a ring of protection from cold
 D - a ring of protection from fire
 L - an amulet of magic regeneration
 O - a ring of ice
 P - a ring of poison resistance
 S - the ring of Xofialal {rCorr Str+3}
   (You found it on level 3 of the Dungeon)

   [ring of resist corrosion]

   Str+3:     It affects your strength (+3).
   rCorr:     It protects you from acid and corrosion.
 Z - a ring of wizardry
Talismans
 a - a serpent talisman
 N - a blade talisman
 T - a dragon-blood talisman
Wands
 c - a wand of iceblast (15)
 f - a wand of flame (35)
 g - a wand of mindburst (17)
 h - a wand of polymorph (9)
 i - a wand of paralysis (29)
 j - a wand of acid (3)
Scrolls
 b - 6 scrolls of amnesia
 k - 5 scrolls of teleportation
 l - 3 scrolls of blinking
 m - a scroll of fog
 n - a scroll of fear
 p - 4 scrolls of immolation
 I - 6 scrolls of poison
 J - 7 scrolls of vulnerability
 K - 2 scrolls of torment
 Q - a scroll of revelation
 U - a scroll of summoning
Potions
 q - 15 potions of ambrosia
 r - 3 potions of curing
 t - 7 potions of magic
 u - 2 potions of resistance
 v - 2 potions of haste
 w - 3 potions of brilliance
 x - 2 potions of enlightenment
 y - 4 potions of might
 E - 2 potions of invisibility
 F - 3 potions of attraction
 G - 5 potions of mutation
 H - 3 potions of lignification
 R - 3 potions of cancellation
Miscellaneous
 d - a phantom mirror
 e - a lightning rod (4/4)
 M - a phial of floods
 V - a sack of spiders


   Skills:
 - Level 15.4 Fighting
 - Level 19.7 Dodging
 - Level 17.2 Stealth
 - Level 21.0 Unarmed Combat
 - Level 2.5 Spellcasting
 - Level 3.0 Translocations
 - Level 2.6 Fire Magic
 * Level 10.4 Shapeshifting


You had 10 spell levels left.
You knew the following spells:

 Your Spells              Type           Power      Damage    Failure   Level
b - Blink                 Tloc           30%        N/A       6%          2
h - Ensorcelled Hibernat  Hex/Ice        4%         N/A       22%         2
p - Passwall              Erth           2%         N/A       38%         3
q - Slow                  Hex            8%         N/A       14%         1
s - Scorch                Fire           26%        2d6       7%          2
z - Lesser Beckoning      Tloc           30%        N/A       6%          2

Your spell library contained the following spells:

 Spells                   Type           Power      Damage    Failure   Level
 Momentum Strike          Conj/Tloc      16%        3d8       12%         2
 Gell's Gravitas          Tloc           15%        N/A       12%         3
 Teleport Other           Tloc           15%        N/A       12%         3
 Volatile Blastmotes      Fire/Tloc      28%        2d12      13%         3
 Kiss of Death            Conj/Necr      8%         2d6       14%         1
 Necrotise                Necr           8%         1d4       14%         1
 Summon Small Mammal      Summ           8%         N/A       14%         1
 Cigotuvi's Dreadful Rot  Necr/Alch/Air  4%         N/A       22%         2
 Mercury Vapours          Alch/Air       4%         N/A       22%         2
 Inner Flame              Hex/Fire       8%         N/A       24%         3
 Call Canine Familiar     Summ           2%         N/A       38%         3
 Confusing Touch          Hex            2%         N/A       38%         3
 Fugue of the Fallen      Necr           2%         N/A       38%         3
 Mephitic Cloud           Conj/Alch/Air  2%         N/A       38%         3
 Sigil of Binding         Hex            2%         N/A       38%         3
 Stone Arrow              Conj/Erth      4%         3d7       38%         3
 Swiftness                Air            2%         N/A       38%         3
 Vampiric Draining        Necr           2%         2d6       38%         3
 Iskenderun's Mystic Bla  Conj/Tloc      8%         2d4       58%         4
 Summon Blazeheart Golem  Fire/Summ      8%         N/A       63%         4
 Anguish                  Hex/Necr       1%         N/A       80%         4
 Dispel Undead            Necr           2%         3d7       80%         4
 Fulminant Prism          Conj/Alch      1%         3d5       80%         4
 Leda's Liquefaction      Alch/Erth      1%         N/A       80%         4
 Martyr's Knell           Necr/Summ      2%         N/A       80%         4
 Summon Forest            Summ/Tloc      4%         N/A       91%         5
 Curse of Agony           Necr           2%         N/A       98%         5
 Freezing Cloud           Conj/Ice/Air   1%         6-21      98%         5
 Irradiate                Conj/Alch      1%         3d12      98%         5
 Dispersal                Tloc           7%         N/A       99%         6
 Eringya's Noxious Bog    Alch           1%         4d6       100%        6
 Orb of Destruction       Conj           1%         9d5       100%        7
 Spellforged Servitor     Conj/Summ      1%         N/A       100%        7
 Summon Hydra             Summ           1%         N/A       100%        7
 Borgnjor's Revivificati  Necr           1%         N/A       100%        8
 Ignition                 Fire           6%         3d4       100%        8


Dungeon Overview and Level Annotations

Branches:
Dungeon (15/15)            Temple (1/1) D:5            Lair (4/5) D:11
 Shoals (0/4) Lair:3       Spider (4/4) Lair:3        Slime (0/5) Lair:4
    Orc (2/2) D:9             Elf (2/3) Orc:2        Vaults (0/5) D:14
 Depths (0/4) D:15         Bailey (visited)           IceCv (visited)
Gauntlet (visited)

Altars:
Ashenzari
Cheibriados
Dithmenos
Elyvilon
Fedhas
Gozag
Hepliaklqana
Kikubaaqudgha
Makhleb
Nemelex Xobeh
Okawaru
Qazlal
Ru
Sif Muna
Trog
Uskayaw
Vehumet
Wu Jian
Xom
Yredelemnul
Zin
The Shining One
Jiyva

Shops:
D:4 *   Orc:2 (*[(   Elf:2 (


Innate Abilities, Weirdness & Mutations

You have sharp claws.
You have razor-sharp teeth.
You have supernaturally acute eyesight. (SInv)
Your thick and shaggy fur keeps you warm. (AC +3, rC+)
Your paws help you pounce on unaware monsters.
You are incapable of wielding weapons or throwing items.
You cannot wear armour.
You gain extra lives every three experience levels.
You are somewhat resistant to further mutation.


Message History

You start resting.
Your extra speed is starting to run out.
You start resting.
You feel yourself slow down.
You start resting.
You feel a little less mighty now.
You start resting.
A +4 war axe of freezing is nearby!
Casting: Slow (safe; 14% risk of failure)
Confirm with . or Enter, or press ? or * to list all spells.
Aiming: Lesser Beckoning (safe; 6% risk of failure)
Press: ? - help, Shift-Dir - straight line, f - +4 war axe of freezing
Aim: a +4 war axe of freezing (wandering, hasn't noticed you, 100% to hit)
The +4 war axe of freezing hurls suddenly forward!
The +4 war axe of freezing hits you! The +4 war axe of freezing freezes you.
The +4 war axe of freezing hits you!!
You miss the +4 war axe of freezing.
Your claw misses the +4 war axe of freezing.
The +4 war axe of freezing completely misses you.
You barely miss the +4 war axe of freezing.
You claw the +4 war axe of freezing, but do no damage.
You claw the +4 war axe of freezing!
The +4 war axe of freezing is moderately damaged.
The +4 war axe of freezing hits you! The +4 war axe of freezing freezes you.
You miss the +4 war axe of freezing.
Your bite misses the +4 war axe of freezing.
The +4 war axe of freezing is moderately damaged.
The +4 war axe of freezing barely misses you.
You claw the +4 war axe of freezing!
Your claw misses the +4 war axe of freezing.
You bite the +4 war axe of freezing, but do no damage.
The +4 war axe of freezing is severely damaged.
The +4 war axe of freezing hits you!!
* * * LOW HITPOINT WARNING * * *
The +4 war axe of freezing freezes you.
* * * LOW HITPOINT WARNING * * *
You fade into invisibility!
The +4 war axe of freezing hits you!!
You die...
Your body crumbles into a pile of gold.

##.##.>?.....#.>....#
##.##......#.......#
##....##.##.......# ....
#..)..#.##.......# #..... #
#....)#.###......# ...... #
##....#.##.##.#.## ...... ###
##.##..#)#.....## ...... ..##
#####.)#...#...##'.... ...#
##.##..#...@...'.'#
##.###........#..(#.'.##
#..©##..##.##.......'.'#
..©.....##.##...#.^.##'......
#©.[#....#.###.....## .......
##.##...##..####.#.## .......
.#..##.###.#(###....# .......
...####.##.##.#....## #....(.
.....[#.##.###.###.## #.....


You could see a +4 war axe of freezing (unable to see you).

Vanquished Creatures
  An Ice Fiend (IceCv)
  3 emperor scorpions
  A deep elf sorcerer (Elf:1)
  2 ghost moths
  A deep elf elementalist (Elf:1)
  An orc warlord (Orc:2)
  A very ugly thing (IceCv)
  7 broodmothers (Spider:4)
  The ghost of Tacit the Basher, a journeyman GrMo of Gozag (Spider:4)
  A deep elf demonologist (Elf:1)
  2 deep elf annihilators (Elf:1)
  A minotaur (Gauntlet)
  Azrael (D:14)
  Josephine (D:10)
  7 entropy weavers
  A fire dragon (D:12)
  4 caustic shrike simulacra (IceCv)
  Erolcha (D:11)
  Fannar (Orc:1)
  5 hydras
  7 ogre magi
  2 jorogumos
  An ice dragon (D:14)
  A two-headed ogre (shapeshifter) (Elf:2)
  A boulder beetle (D:12)
  7 centaur warriors
  8 two-headed ogres
  7 dancing weapons
  3 radroaches
  2 tengu warriors
  5 demonic crawlers
  3 death yaks
  An orc high priest (Orc:2)
  A deep troll earth mage (D:15)
  8 deep elf knights
  A deep troll (D:14)
  5 pharaoh ants
  A sun moth (Spider:4)
  10 deep elf archers
  13 spriggan simulacra (IceCv)
  8 orb spiders
  An obsidian statue (IceCv)
  4 orc knights
  A phantasmal warrior (D:14)
  10 deep elf zephyrmancers
  3 steelbarb worms
  12 ugly things
  A large abomination (Gauntlet)
  18 wolf spiders
  6 manticores
  5 orc sorcerers
  An oklob plant (Gauntlet)
  18 deep elf pyromancers
  7 cyclopes
  A merfolk siren (Lair:3)
  2 moths of wrath
  5 meliai
  5 black mambas
  4 kobold blastminers (Orc:2)
  2 ice statues
  6 elephants (Lair:3)
  5 torpor snails
  11 cane toads
  2 freezing wraiths (Spider:3)
  3 rime drakes
  A tengu conjurer (D:12)
  8 komodo dragons
  An unseen horror (D:11)
  An anaconda simulacrum (IceCv)
  10 ice devils (IceCv)
  2 golden dragon simulacra (IceCv)
  An efreet (D:12)
  2 queen bees
  A polar bear (Lair:1)
  20 tarantellas
  A hornet (shapeshifter) (Elf:1)
  2 alligator simulacra (IceCv)
  7 trolls
  A raiju (shapeshifter) (D:14)
  A wind drake (shapeshifter) (D:14)
  A hornet (Lair:1)
  3 blink frogs (Lair:1)
  21 jumping spiders
  23 culicivoras
  38 yaks
  11 slime creatures
  An air elemental (Elf:1)
  2 vampires
  9 wraiths
  2 water elementals
  A fire bat (Gauntlet)
  2 wyverns
  17 fire elementals
  A yak (shapeshifter) (D:12)
  Eustachio (D:6)
  3 basilisks
  Menkaure (D:7)
  3 wargs
  51 redbacks
  5 minotaur simulacra (IceCv)
  A steam dragon (D:8)
  3 harpy simulacra (IceCv)
  2 acid dragons
  8 water moccasins
  3 hell hounds
  32 orc warriors
  9 ice beasts
  2 laughing skulls (D:13)
  A black bear (D:6)
  A tengu (shapeshifter) (D:13)
  An ettin simulacrum (IceCv)
  29 wolves
  3 small abominations (Gauntlet)
  13 ogres
  17 centaurs
  3 phantoms
  A kobold brigand (D:3)
  12 bullfrogs
  3 gnoll sergeants
  4 earth elementals
  9 deep troll simulacra (IceCv)
  2 scorpions
  10 wights
  A lindwurm simulacrum (IceCv)
  8 howler monkeys
  31 killer bees
  4 electric eels (D:11)
  13 jellies
  24 orc priests
  4 bombardier beetles
  2 hounds
  A gnoll bouda (D:5)
  Crazy Yiuf (D:2)
  3 sleepcaps
  Terence (D:3)
  6 iguanas
  24 orc wizards
  22 adders
  25 gnolls
  2 shadow imps
  A white imp (D:6)
  4 ufetubi
  A ribbon worm (D:4)
  102 orcs
  2 bats (D:1)
  10 endoplasms
  A giant cockroach (D:1)
  9 goblins
  4 hobgoblins
  6 jackals (D:1)
  3 quokkas
  6 ball pythons
  4 frilled lizards
  16 kobolds
  8 rats
1044 creatures vanquished.

Vanquished Creatures (collateral kills)
  2 entropy weavers (Spider:3)
  A wolf spider (Spider:3)
  A redback (Spider:3)
4 creatures vanquished.

Grand Total: 1048 creatures vanquished

Notes
Turn   | Place    | Note
-------+----------+-------------------------------------------
     0 | D:1      | glosham the Felid Cinder Acolyte began the quest for the
                  | Orb.
     0 | D:1      | Reached XP level 1. HP: 12/12 MP: 3/3
   110 | D:1      | Reached skill level 1 in Dodging
   161 | D:1      | Reached XP level 2. HP: 16/16 MP: 4/4
   332 | D:1      | Reached skill level 1 in Stealth
   342 | D:1      | HP: 1/16 [poisoned by a goblin]
   343 | D:1      | Succumbed to a goblin's poison
   343 | D:1      | Lost a life (0 lives remaining)
   640 | D:1      | Reached XP level 3. HP: 18/20 MP: 5/5
   851 | D:2      | Found a white marble altar of Elyvilon.
  1158 | D:2      | Reached XP level 4. HP: 24/24 MP: 6/6
  1158 | D:2      | Gained a life (1 life remaining)
  1341 | D:2      | Learned a level 2 spell: Scorch
  1399 | D:2      | Found a runed translucent door.
  1400 | D:2      | Noticed Crazy Yiuf
  1409 | D:2      | Killed Crazy Yiuf
  1410 | D:2      | Reached skill level 3 in Dodging
  1410 | D:2      | Reached skill level 4 in Unarmed Combat
  1570 | D:3      | Identified the ring of Xofialal {rCorr Str+3}
  1666 | D:3      | Learned a level 2 spell: Blink
  1722 | D:3      | Noticed Terence
  1967 | D:3      | Noticed a kobold brigand
  1978 | D:3      | Killed a kobold brigand
  1979 | D:3      | Reached skill level 1 in Translocations
  1979 | D:3      | Reached XP level 5. HP: 17/29 MP: 7/7
  2432 | D:4      | Reached skill level 3 in Stealth
  2438 | D:4      | Gained mutation: You are covered in thick fur. (AC +2)
                  | [Felid growth]
  2438 | D:4      | Reached XP level 6. HP: 24/33 MP: 8/8
  2590 | D:4      | Found a white marble altar of Elyvilon.
  2774 | D:4      | Found Essaby's Serpentskin Sales.
  2907 | D:5      | Entered Level 5 of the Dungeon
  2907 | D:5      | Found a burning altar of Makhleb.
  2983 | D:5      | Reached skill level 5 in Unarmed Combat
  3012 | D:5      | Reached XP level 7. HP: 19/37 MP: 5/9
  3012 | D:5      | Gained a life (2 lives remaining)
  3039 | D:5      | Found an ornate altar of the Wu Jian Council.
  3068 | D:5      | Found a blossoming altar of Fedhas.
  3240 | D:5      | Found a staircase to the Ecumenical Temple.
  3275 | D:5      | Reached skill level 3 in Translocations
  3351 | Temple   | Entered the Ecumenical Temple
  3449 | D:5      | Reached skill level 6 in Dodging
  3739 | D:6      | Reached skill level 6 in Unarmed Combat
  3739 | D:6      | Reached XP level 8. HP: 42/42 MP: 5/10
  3779 | D:6      | Noticed Eustachio
  3836 | D:6      | Killed Eustachio
  3952 | D:6      | Reached skill level 6 in Stealth
  3952 | D:6      | Reached skill level 7 in Unarmed Combat
  4111 | D:6      | Reached XP level 9. HP: 45/47 MP: 11/11
  4654 | D:7      | Reached skill level 9 in Dodging
  5010 | D:7      | Noticed Menkaure
  5051 | D:7      | Killed Menkaure
  5052 | D:7      | Reached skill level 8 in Unarmed Combat
  5231 | D:8      | Reached skill level 6 in Fighting
  5547 | D:8      | Found a glowing silver altar of Zin.
  5770 | D:8      | Reached XP level 10. HP: 53/53 MP: 9/12
  5803 | D:8      | Reached skill level 9 in Unarmed Combat
  6167 | D:8      | Found a snail-covered altar of Cheibriados.
  6360 | D:3      | Killed Terence
  6497 | D:9      | Found a shimmering altar of Xom.
  6574 | D:9      | Found a flagged portal.
  6587 | Bailey   | Entered a bailey
  6591 | Bailey   | Learned a level 2 spell: Lesser Beckoning
  6867 | Bailey   | Reached skill level 12 in Unarmed Combat
  6867 | Bailey   | Reached XP level 11. HP: 58/58 MP: 13/13
  6870 | Bailey   | Gained mutation: You are somewhat resistant to further
                  | mutation. [potion of mutation]
  6872 | Bailey   | Noticed an orc knight
  6902 | Bailey   | Killed an orc knight
  6909 | Bailey   | Got the Compilation of the Mortuary Gathering
  6966 | D:9      | Found a bloodstained altar of Trog.
  7102 | D:9      | Found a staircase to the Orcish Mines.
  7356 | D:10     | Entered Level 10 of the Dungeon
  7417 | D:10     | Reached skill level 12 in Stealth
  7725 | D:10     | Noticed a two-headed ogre
  7761 | D:10     | Killed a two-headed ogre
  7762 | D:10     | Reached skill level 12 in Dodging
  7890 | D:10     | Noticed Josephine
  8426 | D:10     | Noticed an ogre mage
  8426 | D:10     | Noticed a two-headed ogre
  8426 | D:10     | Noticed a two-headed ogre
  8640 | D:11     | Reached skill level 13 in Unarmed Combat
  9048 | D:11     | Gained mutation: Your thick and shaggy fur keeps you warm.
                  | (AC +3, rC+) [Felid growth]
  9048 | D:11     | Reached XP level 12. HP: 51/63 MP: 14/14
  9088 | D:11     | Found a staircase to the Lair.
  9163 | D:11     | Noticed Erolcha
  9167 | D:11     | Killed Erolcha
  9401 | D:11     | Learned a level 3 spell: Passwall
  9458 | Lair:1   | Entered Level 1 of the Lair of Beasts
  9462 | Lair:1   | Identified the +2 cloak "Josmygenk" {Will+}
  9624 | Lair:1   | HP: 6/63 [black mamba (14)]
  9665 | Lair:1   | Reached skill level 14 in Unarmed Combat
 10058 | Lair:1   | Paralysed by a hornet for 2 turns
 10677 | Lair:1   | Reached skill level 15 in Unarmed Combat
 10796 | Lair:2   | Reached XP level 13. HP: 41/67 MP: 15/15
 11020 | Lair:2   | Identified the +4 morningstar "Ocsistroem" {venom, *Rage
                  | rPois Str+8 Int+4}
 11337 | Lair:2   | HP: 3/67 [killer bee (7)]
 11378 | Lair:2   | Reached skill level 15 in Stealth
 11630 | Lair:3   | Found a hole to the Spider Nest.
 11808 | Lair:3   | Found a staircase to the Shoals.
 12269 | Lair:3   | Reached skill level 15 in Dodging
 12332 | Lair:4   | Found a gate leading to a gauntlet.
 12350 | Lair:4   | Found a glowing golden altar of the Shining One.
 12383 | Lair:3   | Reached skill level 16 in Unarmed Combat
 12537 | Lair:4   | Found a staircase to the Slime Pits.
 12538 | Lair:4   | Found a viscous altar of Jiyva.
 12612 | Gauntlet | Entered a Gauntlet
 12612 | Gauntlet | Found a transporter.
 12620 | Gauntlet | Found a transporter.
 12622 | Gauntlet | Found a transporter.
 12624 | Gauntlet | Found a transporter.
 12626 | Gauntlet | Found a large runed translucent door.
 12626 | Gauntlet | Found a large runed translucent door.
 12627 | Gauntlet | Found a large runed translucent door.
 12627 | Gauntlet | Found a large runed translucent door.
 12641 | Gauntlet | Found a transporter.
 12654 | Gauntlet | Found a transporter.
 12662 | Gauntlet | Found a transporter.
 12677 | Gauntlet | Found a transporter.
 12696 | Gauntlet | Found a transporter.
 12704 | Gauntlet | Found a large runed translucent door.
 12705 | Gauntlet | Found a large runed translucent door.
 12706 | Gauntlet | Found a large runed translucent door.
 12706 | Gauntlet | Found a large runed translucent door.
 12707 | Gauntlet | Found a runed translucent gate.
 12708 | Gauntlet | Found a transporter.
 12708 | Gauntlet | Found a runed translucent gate.
 12709 | Gauntlet | Found a runed translucent gate.
 12709 | Gauntlet | Found a large runed translucent door.
 12709 | Gauntlet | Found a large runed translucent door.
 12709 | Gauntlet | Found a runed translucent door.
 12709 | Gauntlet | Found a runed translucent door.
 12710 | Gauntlet | Found a large runed translucent door.
 12710 | Gauntlet | Found a large runed translucent door.
 12711 | Gauntlet | Found a large runed translucent door.
 12712 | Gauntlet | Found a large runed translucent door.
 12720 | Gauntlet | Found a transporter.
 12721 | Gauntlet | Found a large runed translucent door.
 12721 | Gauntlet | Found a large runed translucent door.
 12725 | Gauntlet | Found a transporter.
 12750 | Gauntlet | Found a transporter.
 12755 | Gauntlet | Found a transporter.
 12757 | Gauntlet | Found a transporter.
 12780 | Gauntlet | Found a transporter.
 12797 | Gauntlet | Found a transporter.
 12818 | Gauntlet | Found a transporter.
 13005 | Gauntlet | Mangled by a large abomination
 13005 | Gauntlet | Lost a life (1 life remaining)
 13144 | Gauntlet | HP: 1/67 [hell hog (9)]
 13145 | Gauntlet | Killed from afar by a hell hog
 13145 | Gauntlet | Lost a life (0 lives remaining)
 13278 | Gauntlet | Noticed a minotaur
 13289 | Gauntlet | Killed a minotaur
 13296 | Gauntlet | Got the Quarto of the Fulgurous Crater
 13404 | Lair:4   | Found the +7 sceptre of Torment {pain, torment}
 14084 | Orc:1    | Entered Level 1 of the Orcish Mines
 14090 | Orc:1    | Noticed Fannar
 14150 | Orc:1    | Killed Fannar
 14392 | Orc:1    | Reached XP level 14. HP: 69/72 MP: 16/16
 14392 | Orc:1    | Gained a life (1 life remaining)
 14457 | Orc:1    | You fall into a shaft and drop 1 floor!
 14457 | Orc:2    | Entered Level 2 of the Orcish Mines
 14648 | Orc:2    | HP: 2/67 [orc sorcerer/bolt of negative energy (37)]
 14900 | Orc:2    | Found a staircase to the Elven Halls.
 14993 | Orc:2    | Reached skill level 17 in Unarmed Combat
 15014 | Orc:2    | Found Zabasoco's Assorted Antiques.
 15019 | Orc:2    | Bought an encrusted granite ring for 115 gold pieces
 15019 | Orc:2    | Bought a wand of paralysis (2) for 110 gold pieces
 15019 | Orc:2    | Bought a granite ring for 115 gold pieces
 15019 | Orc:2    | Bought a potion of heal wounds for 115 gold pieces
 15080 | Orc:2    | Found Vimel's Weapon Shoppe.
 15385 | Orc:2    | Noticed an orc warlord
 15454 | Orc:2    | HP: 1/72 [orc warlord/+0 great sword (26)]
 15466 | Orc:2    | Killed an orc warlord
 15525 | Orc:2    | Found Jiorchevy's Antique Weapon Boutique.
 15527 | Orc:2    | Found Viuhete's Antique Armour Shop.
 15830 | D:10     | Killed Josephine
 16092 | D:12     | Learned a level 2 spell: Ensorcelled Hibernation
 16244 | D:12     | Identified 3 scrolls of acquirement
 16261 | D:12     | Acquired the ring of Beogh's Benevolence {Will++ Int+2
                  | Dex+6}
 16266 | D:12     | Acquired a manual of Necromancy
 16268 | D:12     | Acquired a manual of Fighting
 16319 | D:12     | Reached skill level 9 in Fighting
 16657 | D:10     | Got the Precepts of Terrestrial Rot
 16910 | D:13     | Reached skill level 12 in Fighting
 17105 | D:13     | Found a hazy altar of Hepliaklqana.
 17496 | Temple   | Fell from the grace of Ignis
 17496 | Temple   | Became a worshipper of Gozag Ym Sagoz the Greedy
 17863 | D:14     | Found a hide-covered altar of Uskayaw.
 17970 | D:14     | Noticed Azrael
 17975 | D:14     | Killed Azrael
 17980 | D:14     | Reached XP level 15. HP: 86/86 MP: 14/17
 17980 | D:14     | Gained a life (2 lives remaining)
 18497 | D:14     | Reached skill level 15 in Fighting
 18587 | D:14     | Found a gate to the Vaults.
 18677 | D:15     | Entered Level 15 of the Dungeon
 19010 | D:15     | Found a stormy altar of Qazlal.
 19119 | D:15     | Reached skill level 18 in Unarmed Combat
 19211 | D:15     | HP: 4/90 [eight-headed hydra (15)]
 19215 | D:15     | Mangled by a fire elemental
 19215 | D:15     | Lost a life (1 life remaining)
 19276 | D:15     | Found a staircase to the Depths.
 19400 | D:15     | Found an iron altar of Okawaru.
 19851 | Lair:1   | You fall into a shaft and drop 1 floor!
 19907 | Spider:1 | Entered Level 1 of the Spider Nest
 20266 | Spider:1 | HP: 4/90 [demonic crawler (10)]
 20273 | Spider:1 | HP: 6/90 [demonic crawler (16)]
 20392 | Spider:1 | You fall into a shaft and drop 1 floor!
 20841 | Spider:1 | Reached skill level 19 in Unarmed Combat
 20985 | Spider:1 | Learned a level 1 spell: Slow
 21216 | Spider:2 | Reached skill level 18 in Dodging
 21303 | Spider:2 | Reached XP level 16. HP: 59/95 MP: 18/18
 21303 | Spider:2 | Gained a life (2 lives remaining)
 21558 | Spider:2 | You fall into a shaft and drop 1 floor!
 21558 | Spider:3 | Was forgiven by Ignis
 21639 | Spider:3 | Found a glacial archway.
 21647 | Spider:3 | HP: 4/95 [azure jelly (14)]
 21649 | Spider:3 | Slain by an azure jelly
 21649 | Spider:3 | Lost a life (1 life remaining)
 21845 | IceCv    | Entered an ice cave
 22068 | IceCv    | HP: 8/95 [minotaur simulacrum (18)]
 22441 | IceCv    | Found the +2 Maxwell's thermic engine {flame, freeze, rev}
 22488 | IceCv    | Noticed an Ice Fiend
 22490 | IceCv    | Killed an Ice Fiend
 22491 | IceCv    | Reached skill level 20 in Unarmed Combat
 22665 | IceCv    | Reached XP level 17. HP: 99/99 MP: 18/21
 22746 | IceCv    | Mangled by a caustic shrike simulacrum
 22746 | IceCv    | Lost a life (0 lives remaining)
 23654 | Spider:3 | Reached skill level 21 in Unarmed Combat
 23882 | Spider:4 | Entered Level 4 of the Spider Nest
 24153 | Spider:4 | Reached skill level 1 in Shapeshifting
 24377 | Spider:4 | Noticed Tacit's ghost (journeyman GrMo)
 24378 | Spider:4 | Found a runed translucent door.
 24429 | Spider:4 | Killed Tacit's ghost
 24473 | Spider:4 | Reached skill level 3 in Shapeshifting
 24888 | Spider:4 | Reached XP level 18. HP: 80/104 MP: 22/22
 25278 | Spider:4 | Reached skill level 6 in Shapeshifting
 25478 | Spider:4 | Got a gossamer rune of Zot
 25486 | Spider:4 | Identified the scarf "Wemiate" {harm, ^Drain rElec rF-
                  | SInv}
 25830 | Elf:1    | Entered Level 1 of the Elven Halls
 26519 | Elf:1    | Identified the +4 shortbow of Diet Blood {drain, Str+2
                  | Int+3}
 26639 | Elf:1    | Reached skill level 9 in Shapeshifting
 26874 | Elf:2    | Found a transporter.
 26875 | Elf:2    | Found a transporter.
 26911 | Elf:2    | Found a runed translucent gate.
 26911 | Elf:2    | Found a runed translucent gate.
 26919 | Elf:2    | Found a runed translucent gate.
 27012 | Elf:2    | Found a transporter.
 27019 | Elf:2    | Found a transporter.
 27037 | Elf:2    | Found a transporter.
 27042 | Elf:2    | Found a transporter.
 27153 | Elf:2    | Found Konis's Weapon Emporium.
 27657 | Elf:2    | HP: 7/104 [+1 trident of venom (12)]
 27730 | Elf:2    | Slain by a +4 war axe of freezing

Illustrated notes

Levels and vault maps discovered:
D:1:      ldierk_walled_garden, layout_loops_corners, serial_bayou_pond_c
D:2:      layout_basic, basic_altar, reono_crystal_passage,
          kennysheep_cluttered_room, uniq_crazy_yiuf_cottage
D:3:      cheibrodos_thug_alley, layout_basic, uniq_terence
D:4:      layout_rooms, elyvilon_altar_3, guppyfry_shop_venom
D:5:      layout_gridville, general_overflow_altar,
          mainiacjoe_overflow_alcove_4, mainiacjoe_overflow_catwalk,
          minmay_temple_entry_proselytizer, chequers_serial_rivers_large_a
D:6:      layout_loops_ring, uniq_eustachio
D:7:      layout_basic, kennysheep_generic_room_9, uniq_menkaure
D:8:      layout_cave_pods, slow_altar_2, zin_statuary, kb_lookout_dungeons_type
D:9:      layout_cave_pools, kennysheep_little_box,
          mainiacjoe_overflow_small_starburst, hiddenorc1_lemuel,
          enter_bailey_5, minmay_misc_feat_pillars
D:10:     layout_basic, kennysheep_generic_room_16, uniq_josephine
D:11:     lemuel_ice_statue, layout_basic, hellmonk_lair_entry_icy,
          corexii_hall_statues_l, uniq_erolcha
D:12:     minmay_swirls_squares, layout_cave_pools
D:13:     layout_cave_pools, worldfamousw_hep_ancestral_shrine
D:14:     minmay_open_boxes_in_corner, layout_grid_maze, david_vaults_4,
          old_standard_altar, uniq_azrael
D:15:     hellmonk_depths_entry_around_the_bend, layout_long_grid,
          nicolae_qazlal_scattered_showers, okawaru_trees_2
Temple:   nicolae_temple_ecumenical_triangle
Lair:1:   minmay_lair_venomous_thicket, layout_chaotic_city,
          infiniplex_staircase_pool, lemuel_fruit_fields, grunt_megastairs_3
Lair:2:   layout_roguey [special_room_bee], lemuel_fruit_tree,
          infiniplex_staircase_pool_2
Lair:3:   layout_gridlike, minmay_shoals_entry_lonely_mermaid,
          dummy_spider_entry
Lair:4:   layout_regular_city, minmay_slime_entry_jelly_boxes, basic_altar,
          gauntlet_entry_generic
Spider:1: layout_cave_pods
Spider:2: layout_spider_delve, nicolae_spider_nook
Spider:3: layout_spider_delve, portal_ice_cave_entry_frozen_things,
          hangedman_spider_tarantella_strand
Spider:4: hellmonk_spider_rune_endless_swarm, hellmonk_ghost_happy_afterlife
Orc:1:    layout_diamond_mine, nicolae_orc_bridge_out, uniq_fannar
Orc:2:    grunt_orc_community_town_hall, layout_caves,
          grunt_orc_community_big_house_2, grunt_orc_community_big_house_1,
          grunt_orc_community_house_2, grunt_orc_community_house_1,
          grunt_orc_community_house_1, grunt_orc_community_house_2,
          grunt_orc_community_house_1
Elf:1:    layout_loops_corners, nicolae_elf_blasts_and_bolts
Elf:2:    elven_hall_of_blades_hangedman_original
          [infiniplex_blade_entry_pillars], layout_rooms, serial_shops, shop,
          serial_nicolae_subway, nicolae_sub_station_crystal,
          nicolae_sub_station_stone, nicolae_sub_station_metal

Skill      XL: |  1  2  3  4  5  6  7  8  9 10 11 12 13 14 15 16 17 18 |
---------------+-------------------------------------------------------+-----
Dodging        | 1 2 3 4 5 6 8 10 11 12 14 15 16 18 19 | 19.7
Stealth        | 1 2 3 4 6 7 11 12 14 16 17 | 17.2
Unarmed Combat | 4 5 6 7 8 12 13 15 16 17 19 20 21 | 21.0
Translocations | 1 2 3 |  3.0
Fighting       | 4 5 6 7 13 15 | 15.4
Spellcasting   | 2 |  2.5
Shapeshifting  | 5 10 | 10.4
Fire Magic     | |  2.6

Action                     |  1- 3 |  4- 6 |  7- 9 | 10-12 | 13-15 | 16-18 || total
---------------------------+-------+-------+-------+-------+-------+-------++-------
  Melee: Unarmed           |   115 |   143 |   356 |   739 |  1466 |   774 ||  3593
         Bite              |     9 |    12 |    57 |    79 |   196 |   100 ||   453
         Punch             |     1 |     3 |    22 |    63 |   174 |    92 ||   355
   Cast: Scorch            |       |     4 |    34 |    39 |    23 |       ||   100
         Lesser Beckoning  |       |       |       |     6 |    14 |    22 ||    42
         Blink             |       |       |       |       |    22 |     2 ||    24
         Passwall          |       |       |       |       |    20 |    36 ||    56
         Slow              |       |       |       |       |     5 |    13 ||    18
         Ensorcelled Hiber |       |       |       |       |     4 |       ||     4
 Invoke: Fiery Armour      |     1 |     3 |     3 |     1 |       |       ||     8
         Potion Petition   |       |       |       |       |       |     5 ||     5
Ability: Begin Untransform |       |       |       |       |       |     1 ||     1
  Evoke: Wand              |       |       |     3 |    10 |    22 |    11 ||    46
         Lightning rod     |       |       |       |       |     3 |     5 ||     8
         Phantom mirror    |       |       |       |       |     1 |       ||     1
    Use: Potion            |     2 |       |     2 |     8 |    16 |     6 ||    34
         Scroll            |     2 |     7 |     4 |     8 |    10 |     5 ||    36
   Stab: Sleeping          |     5 |     5 |     8 |    12 |    76 |    79 ||   185
         Distracted        |       |       |       |     2 |     9 |     8 ||    19
         Paralysed         |       |       |       |     2 |     1 |       ||     3
         Invisible         |       |       |       |       |     1 |       ||     1
 Armour: Skin              |    30 |    44 |    92 |   170 |   329 |   192 ||   857
  Dodge: Dodged            |    98 |    88 |   318 |   657 |  1618 |   617 ||  3396
   Form: Serpent           |       |       |       |       |       |     1 ||     1

Table legend: (Time is in decaauts)
 A = Elapsed time spent in this place.
 B = Non-inter-level travel time spent in this place.
 C = Inter-level travel time spent in this place.
 D = Time resting spent in this place.
 E = Time spent auto-exploring this place.
 F = Levels seen in this place.
 G = Mean time per level.
                   A        B        C        D        E       F      G
               +--------+--------+--------+--------+--------+-----+--------+
         Total |  26865 |  22661 |   4204 |    489 |      0 |  31 |  866.6 |
       Dungeon |  13267 |  10642 |   2625 |      5 |      0 |  15 |  884.5 |
        Temple |     13 |      3 |     10 |      0 |      0 |   1 |   13.0 |
          Lair |   3841 |   3303 |    538 |      0 |      0 |   4 |  960.2 |
   Spider Nest |   4569 |   3803 |    766 |    172 |      0 |   4 | 1142.2 |
  Orcish Mines |   1445 |   1256 |    189 |     15 |      0 |   2 |  722.5 |
   Elven Halls |   1792 |   1719 |     73 |    150 |      0 |   2 |  896.0 |
        Bailey |    352 |    352 |      0 |     14 |      0 |   1 |  352.0 |
      Ice Cave |    932 |    932 |      0 |    121 |      0 |   1 |  932.0 |
      Gauntlet |    652 |    652 |      0 |     12 |      0 |   1 |  652.0 |
               +--------+--------+--------+--------+--------+-----+--------+

Top non-repeatable levels by time:
    D:10: 1611 daAuts
Spider:4: 1537 daAuts
Spider:1: 1226 daAuts
    D:11: 1160 daAuts
   Elf:1: 1148 daAuts
    D:14: 1137 daAuts
     D:8: 1085 daAuts
  Lair:2: 1038 daAuts
   Orc:2: 1035 daAuts
  Lair:1: 1024 daAuts
  Lair:3: 1018 daAuts
     D:3: 1016 daAuts
Spider:3: 962 daAuts
   IceCv: 932 daAuts
     D:5: 895 daAuts

Table legend:
 A = Kills in this place as a percentage of kills in the entire game.
 B = Kills by you in this place as a percentage of kills by you in the entire game.
 C = Kills by friends in this place as a percentage of kills by friends in the entire game.
 D = Other kills in this place as a percentage of other kills in the entire game.
 E = Experience gained in this place as a percentage of experience gained in the entire game.
 F = Experience gained in this place divided by the number of levels of this place that you have seen.
                   A       B       C       D       E      F
               +-------+-------+-------+-------+-------+----------------------
         Total | 100.0 | 100.0 | 100.0 |   N/A | 100.0 | 8749.7
       Dungeon |  39.9 |  40.1 |   0.0 |   N/A |  27.6 | 4983.3
          Lair |  15.5 |  15.5 |   0.0 |   N/A |  11.3 | 7690.8
   Spider Nest |  18.5 |  18.1 | 100.0 |   N/A |  29.8 | 20241.0
  Orcish Mines |  10.7 |  10.8 |   0.0 |   N/A |   5.0 | 6823.5
   Elven Halls |   6.5 |   6.5 |   0.0 |   N/A |  15.5 | 21019.0
        Bailey |   2.3 |   2.3 |   0.0 |   N/A |   0.7 | 1853.0
      Ice Cave |   5.2 |   5.2 |   0.0 |   N/A |   8.5 | 22977.0
      Gauntlet |   1.4 |   1.5 |   0.0 |   N/A |   1.6 | 4249.0
               +-------+-------+-------+-------+-------+----------------------

Levels and vault maps discovered:
D:1:      ldierk_walled_garden, layout_loops_corners, serial_bayou_pond_c
D:2:      layout_basic, basic_altar, reono_crystal_passage,
          kennysheep_cluttered_room, uniq_crazy_yiuf_cottage
D:3:      cheibrodos_thug_alley, layout_basic, uniq_terence
D:4:      layout_rooms, elyvilon_altar_3, guppyfry_shop_venom
D:5:      layout_gridville, general_overflow_altar,
          mainiacjoe_overflow_alcove_4, mainiacjoe_overflow_catwalk,
          minmay_temple_entry_proselytizer, chequers_serial_rivers_large_a
D:6:      layout_loops_ring, uniq_eustachio
D:7:      layout_basic, kennysheep_generic_room_9, uniq_menkaure
D:8:      layout_cave_pods, slow_altar_2, zin_statuary, kb_lookout_dungeons_type
D:9:      layout_cave_pools, kennysheep_little_box,
          mainiacjoe_overflow_small_starburst, hiddenorc1_lemuel,
          enter_bailey_5, minmay_misc_feat_pillars
D:10:     layout_basic, kennysheep_generic_room_16, uniq_josephine
D:11:     lemuel_ice_statue, layout_basic, hellmonk_lair_entry_icy,
          corexii_hall_statues_l, uniq_erolcha
D:12:     minmay_swirls_squares, layout_cave_pools
D:13:     layout_cave_pools, worldfamousw_hep_ancestral_shrine
D:14:     minmay_open_boxes_in_corner, layout_grid_maze, david_vaults_4,
          old_standard_altar, uniq_azrael
D:15:     hellmonk_depths_entry_around_the_bend, layout_long_grid,
          nicolae_qazlal_scattered_showers, okawaru_trees_2
Temple:   nicolae_temple_ecumenical_triangle
Lair:1:   minmay_lair_venomous_thicket, layout_chaotic_city,
          infiniplex_staircase_pool, lemuel_fruit_fields, grunt_megastairs_3
Lair:2:   layout_roguey [special_room_bee], lemuel_fruit_tree,
          infiniplex_staircase_pool_2
Lair:3:   layout_gridlike, minmay_shoals_entry_lonely_mermaid,
          dummy_spider_entry
Lair:4:   layout_regular_city, minmay_slime_entry_jelly_boxes, basic_altar,
          gauntlet_entry_generic
Spider:1: layout_cave_pods
Spider:2: layout_spider_delve, nicolae_spider_nook
Spider:3: layout_spider_delve, portal_ice_cave_entry_frozen_things,
          hangedman_spider_tarantella_strand
Spider:4: hellmonk_spider_rune_endless_swarm, hellmonk_ghost_happy_afterlife
Orc:1:    layout_diamond_mine, nicolae_orc_bridge_out, uniq_fannar
Orc:2:    grunt_orc_community_town_hall, layout_caves,
          grunt_orc_community_big_house_2, grunt_orc_community_big_house_1,
          grunt_orc_community_house_2, grunt_orc_community_house_1,
          grunt_orc_community_house_1, grunt_orc_community_house_2,
          grunt_orc_community_house_1
Elf:1:    layout_loops_corners, nicolae_elf_blasts_and_bolts
Elf:2:    elven_hall_of_blades_hangedman_original
          [infiniplex_blade_entry_pillars], layout_rooms, serial_shops, shop,
          serial_nicolae_subway, nicolae_sub_station_crystal,
          nicolae_sub_station_stone, nicolae_sub_station_metal
